Map: Pillars of Gold LE

Players

Rex

  • Race: Zerg Zerg
  • League: Master
  • Spawn Location: 1:00

Has - Winner!

  • Race: Protoss Protoss
  • Spawn Location: 7:00

Event: DreamHack SC2 Masters 2020 Winter

VOD

Have the link to the VOD?

Description

Time

  • Played on: Oct. 25, 2020, 8:21 a.m.
  • Length: 8:24

All games in this series

Show
View Real Time Build Order
Export as new Build Order

Rex Zerg 

Build Orders: Hatch First 

Get SALT Encoding   

  12  0:00  Drone  
  13  0:12  Overlord  
  13  0:18  Drone  
  14  0:31  Drone x2  
  16  0:51  Hatchery  
  16  0:54  Drone  
  16  0:57  Drone  
  16  1:01  Drone  
  18  1:06  Extractor  
  17  1:17  Spawning Pool  
  16  1:20  Drone  
  16  1:24  Drone  
  18  1:29  Drone  
  19  1:41  Drone  
  20  2:07  Metabolic Boost  
  20  2:10  Hatchery  
  20  2:14  Queen  
  22  2:15  Zergling x2  
  22  2:16  Zergling x2  
  23  2:24  Drone x2  
  23  2:26  Drone  
  26  2:35  Overlord  
  26  2:52  Overlord  
  26  2:53  Queen  
  28  3:06  Drone  
  28  3:07  Drone  
  28  3:12  Drone  
  31  3:18  Overlord  
  31  3:20  Drone  
  31  3:23  Drone, Queen  
  31  3:25  Drone  
  36  3:32  Spore Crawler  
  35  3:38  Drone x2  
  37  3:42  Zergling x4  
  37  3:48  Overlord  
  39  3:50  Drone  
  40  3:56  Lair  
  40  4:03  Drone x4  
  40  4:09  Drone  
  45  4:10  Drone x2  
  47  4:17  Overlord  
  47  4:21  Drone  
  47  4:23  Queen  
  50  4:30  Roach Warren  
  48  4:32  Evolution Chamber  
  48  4:35  Drone x2  
  48  4:36  Drone  
  48  4:38  Drone  
  51  4:46  Drone x2, Evolution Chamber  
  51  4:48  Drone  
  51  4:49  Drone, Extractor  
  51  4:50  Extractor  
  52  4:58  Extractor  
  52  4:59  Zerg Missile Weapons Level 1  
  51  5:02  Drone x3  
  51  5:04  Overseer  
  54  5:08  Overlord  
  54  5:11  Roach x3  
  60  5:23  Overlord  
  60  5:26  Overlord x3  
  60  5:28  Infestation Pit  
  59  5:32  Drone  
  59  5:34  Roach  
  62  5:39  Roach x2  
  66  5:43  Overlord  
  66  5:48  Roach x2  
  70  5:58  Roach  
  70  5:59  Roach x2  
  70  6:01  Roach  
  70  6:02  Roach  
  78  6:05  Roach x2  
  71  6:20  Zergling x10  
  71  6:22  Zergling x2  
  64  6:27  Roach Warren  
  52  6:44  Zergling x2  
  52  6:45  Zergling x8  
  55  6:58  Spine Crawler  
  52  7:03  Zergling x2  
  52  7:04  Zergling x6  
  46  7:09  Roach  
  38  7:16  Roach x2  
  38  7:22  Roach  
  44  7:24  Roach  
  44  7:34  Zergling x2  
  44  7:35  Zergling x4  
  38  7:48  Zergling x4  
  38  7:49  Roach Warren  
  33  7:53  Zergling x2  
Show
View Real Time Build Order
Export as new Build Order

Has Protoss - Winner!

Build Orders:  

Get SALT Encoding   

  12  0:00  Probe  
  13  0:12  Probe  
  14  0:19  Pylon  
  14  0:24  Probe  
  15  0:28  Assimilator  
  15  0:37  Probe (Chrono Boost)  
  16  0:44  Gateway  
  16  0:48  Probe (Chrono Boost)  
  17  0:56  Probe  
  18  1:08  Probe  
  19  1:16  Forge  
  19  1:20  Probe  
  19  1:23  Pylon  
  20  1:32  Probe  
  21  1:33  Cybernetics Core  
  21  1:44  Probe  
  21  1:46  Assimilator  
  22  1:49  Photon Cannon  
  22  2:00  Photon Cannon  
  22  2:02  Probe  
  23  2:15  Stargate  
  23  2:16  Probe  
  23  2:20  Adept (Chrono Boost)  
  27  2:32  Pylon  
  27  2:33  Warp Gate  
  26  2:37  Probe  
  27  2:49  Void Ray (Chrono Boost)  
  31  3:17  Nexus  
  31  3:28  Twilight Council  
  31  3:29  Probe  
  32  3:41  Protoss Ground Weapons Level 1 (Chrono Boost)  
  32  3:42  Probe  
  33  3:51  Robotics Facility  
  33  3:54  Probe  
  34  4:06  Probe  
  34  4:09  Charge (Chrono Boost)  
  35  4:18  Gateway  
  35  4:23  Gateway  
  35  4:30  Gateway  
  36  4:34  Gateway  
  35  4:42  Gateway  
  35  4:49  Warp Prism (Chrono Boost)  
  35  4:56  Probe  
  38  5:02  Probe  
  39  5:08  Probe  
  39  5:11  Pylon  
  40  5:14  Zealot x2  
  44  5:26  Pylon  
  44  5:28  Zealot x2  
  48  5:32  Pylon  
  48  5:34  Zealot x2  
  48  5:35  Zealot  
  54  5:59  Probe x2  
  54  6:01  Zealot x3  
  54  6:02  Zealot x3  
  68  6:07  Warp Prism  
  62  6:21  Zealot x3  
  62  6:22  Zealot  
  62  6:24  Zealot  
  58  6:28  Zealot  
  48  6:47  Zealot x4  
  48  6:48  Zealot x2  
  54  7:11  Probe x2  
  46  7:17  Zealot x6  
  54  7:37  Zealot x4  
  54  7:38  Zealot x2  
  62  7:56  Zealot x2  
  62  7:57  Zealot x2  
  62  7:58  Zealot x2  
Tags
 
Add a new tag
Caveats
  • Supply blocks, unpowered buildings, or Contaminate may cause inaccurate times.
  • Supply counts are checked every 10 seconds.